 Dungeon Crawl Stone Soup version 0.18-a0-1797-gc18daef (webtiles) character file.

61 dobroeutro the Skirmisher (level 4, 0/29 HPs)
             Began as a Gargoyle Fighter on Apr 22, 2016.
             Killed from afar by a white imp (9 damage)
             ... with a puff of frost
             ... summoned by Natasha
             ... on level 2 of the Dungeon.
             The game lasted 00:01:31 (1284 turns).

dobroeutro the Skirmisher (Gargoyle Fighter)        Turns: 1284, Time: 00:01:31

Health: 0/29       AC: 10    Str: 20    XL:     4   Next: 7%
Magic:  4/4        EV:  7    Int:  9    God:
Gold:   124        SH:  9    Dex:  9    Spells: 0 memorised, 3 levels left

rFire  . . .     SeeInvis .     a - +0 flail
rCold  . . .     Gourm    .     b - +0 scale mail
rNeg   + . .     Faith    .     c - +0 shield
rPois  ∞         Spirit   .     (no helmet)
rElec  +         Dismiss  .     (no cloak)
rCorr  .         Reflect  .     (no gloves)
SustAt .         Harm     .     (no boots)
MR     .....                    (no amulet)
Stlth  ..........               (no ring)
                                (no ring)

@: not resistant to hostile enchantments, extremely unstealthy
A: negative energy resistance 1, electricity resistance, unbreathing,
petrification resistance, rot immunity, AC +3
a: no special abilities


You were on level 2 of the Dungeon.
You were hungry.

You visited 1 branch of the dungeon, and saw 2 of its levels.

You collected 124 gold pieces.

Inventory:

Hand Weapons
 a - a +0 flail (weapon)
Armour
 b - a +0 scale mail (worn)
 c - a +0 shield (worn)
Scrolls
 h - a scroll of remove curse {unknown}
 j - a scroll of teleportation {unknown}
 k - a scroll of blinking {unknown}
Potions
 d - 3 potions of might
 e - 2 potions of brilliance {unknown}
 g - a potion of curing {unknown}
 i - a potion of lignification {unknown}
Comestibles
 f - 2 bread rations
 l - 6 chunks of flesh


   Skills:
 + Level 4.0 Fighting
 + Level 2.6 Maces & Flails
 + Level 4.0 Armour
 + Level 3.7 Shields


You had 3 spell levels left.
You didn't know any spells.

Dungeon Overview and Level Annotations

Branches:
Dungeon (2/15)

Altars:

Annotations:
D:2 Natasha


Innate Abilities, Weirdness & Mutations

You are resistant to torment.
Your stone body is resilient (AC +3).
You are immune to poison.
You resist negative energy.
You are resistant to electric shocks.
You can survive without breathing.
You are immune to petrification.
You are immune to rotting.


Message History

Natasha claws you but does no damage.
The shadow imp grinds its teeth.
The shadow imp barely misses you.
You closely miss Natasha.
Natasha is lightly wounded.
You block Natasha's attack. The shadow imp barely misses you.
You closely miss Natasha.
Natasha is lightly wounded.
Natasha closely misses you.
The shadow imp hits you but does no damage.
Natasha casts a spell.
You hit Natasha.
Natasha is moderately wounded.
The shadow imp disappears in a puff of smoke!
Natasha barely misses you.
You closely miss Natasha.
Natasha is moderately wounded.
The white imp gestures at you. The puff of frost hits you!
You die...

.##....# .##....#
.##^...# .##....#
###....# # ######
.# ###.# #...#
###########@###
#..........5hs#
#.#########.#.#
#.# #...#.#... #.#
#.#.#.# ###
#.#####.#.#.#
######.......#.#.#
.............#.#.#
##########...#.#.#


You could see Natasha, a white imp and a giant cockroach.

Vanquished Creatures
  An adder (D:2)
  2 oozes (D:1)
  2 worms (D:2)
  A giant gecko (D:1)
  2 giant cockroaches (D:1)
  4 goblins (D:1)
  6 hobgoblins
  7 kobolds
  3 bats (D:1)
  2 giant newts
  6 rats
36 creatures vanquished.

Notes
Turn   | Place    | Note
--------------------------------------------------------------
     0 | D:1      | dobroeutro the Gargoyle Fighter began the quest for the Orb.
     0 | D:1      | Reached XP level 1. HP: 14/14 MP: 1/1
   216 | D:1      | Reached XP level 2. HP: 19/19 MP: 2/2
   430 | D:1      | Reached XP level 3. HP: 24/24 MP: 3/3
  1167 | D:2      | Reached XP level 4. HP: 27/29 MP: 4/4
  1261 | D:2      | Noticed Natasha
  1284 | D:2      | Killed from afar by a white imp

Vault maps used:
D:1:      dpeg_arrival_pond, minmay_misc_feat_cross
D:2:      lemuel_round_altar, first_bread, uniq_natasha, uniq_iyjb

Skill      XL: |  1  2  3  4 |
---------------+-------------+-----
Fighting       | 4 |  4.0
Armour         | 4 |  4.0
Maces & Flails | |  2.6
Shields        | |  3.7

Action                   |  1- 3 |  4- 6 || total
-------------------------+-------+-------++-------
Melee: Flail             |   154 |    28 ||   182
  Eat: Chunk             |     1 |       ||     1
Armor: Scale mail        |    59 |    20 ||    79
Dodge: Dodged            |    45 |    13 ||    58
Block: Shield            |    82 |    14 ||    96
